 Dungeon Crawl Stone Soup version 0.29.0-4-gdea44cf6ec (webtiles) character file.

Game seed: 10296332910279176166

30 qw the Chopper (level 3, -4/21 HPs)
             Began as a Tengu Warper on Aug 28, 2022.
             Killed from afar by Sigmund (7 damage)
             ... with a puff of flame
             ... on level 2 of the Dungeon.
             The game lasted 00:00:04 (819 turns).

qw the Chopper (Tengu Warper)                        Turns: 819, Time: 00:00:04

Health: -4/21      AC:  3    Str: 13    XL:     3   Next: 18%
Magic:  7/7        EV: 12    Int: 13    God:
Gold:   56         SH:  0    Dex: 13    Spells: 6/6 levels left

rFire   . . .      SeeInvis .   Y - +0 hand axe
rCold   . . .      Faith    .   (no shield)
rNeg    . . .      Spirit   .   b - +0 leather armour
rPois   .          Reflect  .   (helmet restricted)
rElec   .          Harm     .   (no cloak)
rCorr   .          Rampage  .   (no gloves)
Will    .....                   (boots unavailable)
Stlth   +.........              (no amulet)
HPRegen 0.07/turn               (no ring)
MPRegen 0.10/turn               (no ring)

@: no status effects
A: beak, talons 3
a: no special abilities


You were on level 2 of the Dungeon.
You visited 1 branch of the dungeon, and saw 2 of its levels.

You collected 56 gold pieces.


Innate Abilities, Weirdness & Mutations

You have a beak for a mouth.
You have claws for feet.


   Skills:
 - Level 2.0 Fighting
 + Level 3.9 Axes
 - Level 1.0 Throwing
 - Level 1.1 Armour
 - Level 2.1 Dodging
 - Level 2.0 Spellcasting
 - Level 2.4 Translocations


You had 6 spell levels left.
You didn't know any spells.
Your spell library contained the following spells:

 Spells                   Type           Power      Damage    Failure   Level
 Blink                    Tloc           14%        N/A       19%         2
 Gell's Gravitas          Tloc           7%         N/A       36%         3
 Lesser Beckoning         Tloc           7%         N/A       36%         3
 Teleport Other           Tloc           7%         N/A       36%         3
 Manifold Assault         Tloc           7%         N/A       98%         5

Inventory:

Hand Weapons
 c - a +0 mace
 Y - a +0 hand axe (weapon)
Missiles
 d - a silver javelin (quivered)
Armour
 b - a +0 leather armour (worn)
Scrolls
 a - a scroll of enchant armour
Potions
 f - a potion of degeneration {unknown}
 g - a potion of attraction {unknown}

Dungeon Overview and Level Annotations

Branches:
Dungeon (2/15)

Altars:

Annotations:
D:2 Sigmund


Message History

Found a stone staircase leading down.
Enter note:
There is a stone staircase leading down here.
A kobold comes into view. It is wielding a +0 short sword.
The kobold shouts!
Enter note: Throw: 2 javelins (silver)
Press: ? - help, Q - select action Shift-Dir - straight line, f - kobold You throw a silver javelin.
The silver javelin barely misses the kobold.
Sigmund the Dreaded comes into view.
He is wielding a +0 scythe.
The kobold hits you but does no damage.
You hit the kobold.
You kill the kobold!
Sigmund closely misses you.
Things that are here:
a +0 short sword; 2 stones You hit Sigmund.
Your kick misses Sigmund.
Sigmund is moderately wounded.
You closely miss Sigmund. You claw Sigmund.
Sigmund is heavily wounded.
Sigmund hits you with a +0 scythe.
You completely miss Sigmund. Your kick misses Sigmund.
Your punch misses Sigmund.
Sigmund is heavily wounded.
Sigmund hits you with a +0 scythe.
You barely miss Sigmund. You claw Sigmund. You punch Sigmund, but do no damage.
Sigmund is heavily wounded.
Sigmund hits you with a +0 scythe!
You barely miss Sigmund.
Sigmund is heavily wounded.
You closely miss Sigmund.
Sigmund is heavily wounded.
Sigmund gestures at you while chanting. The magic dart hits you.
You hit Sigmund but do no damage. Your kick misses Sigmund.
Sigmund is heavily wounded.
Sigmund casts a spell at you. The puff of flame hits you!
You die...

#
....############
...(..@@.......#
....##########.#
. #.# #.# .# #.#
.# #.# .# #.# .#
#.# .# ####.#


You could see Sigmund.

Vanquished Creatures
  An adder (D:2)
  7 bats
  3 endoplasms (D:1)
  A hobgoblin (D:1)
  A jackal (D:1)
  A quokka (D:2)
  3 ball pythons (D:1)
  A frilled lizard (D:1)
  A goblin (D:1)
  A kobold (D:2)
  A rat (D:1)
21 creatures vanquished.

Vanquished Creatures (others)
  2 fungi (D:1)
2 creatures vanquished.

Grand Total: 23 creatures vanquished

Notes
Turn   | Place    | Note
-------+----------+-------------------------------------------
     0 | D:1      | qw the Tengu Warper began the quest for the Orb.
     0 | D:1      | Reached XP level 1. HP: 12/12 MP: 4/4
     0 | D:1      | 0 ||| qw: Version: 0.1-a-89-g26bdef1
     0 | D:1      | 0 ||| qw: Game counter: 675
     0 | D:1      | 0 ||| qw: Always use a shield: true
     0 | D:1      | 0 ||| qw: God list: Okawaru
     0 | D:1      | 0 ||| qw: Allow faded altars: false
     0 | D:1      | 0 ||| qw: Do Orc after D:15 true
     0 | D:1      | 0 ||| qw: Do second Lair branch before Depths: true
     0 | D:1      | 0 ||| qw: Lair rune preference: random
     0 | D:1      | 0 ||| qw: Plans: Normal
     0 | D:1      | 0 ||| PLANNING D:1-11
   151 | D:1      | 151 ||| Stepping ~*~*~tactically~*~*~ (stealth).
   160 | D:1      | Reached skill level 3 in Axes
   160 | D:1      | Reached XP level 2. HP: 17/17 MP: 6/6
   224 | D:1      | 224 ||| Stepping ~*~*~tactically~*~*~ (stealth).
   330 | D:1      | Found a faded altar of an unknown god.
   371 | D:1      | 371 ||| Stepping ~*~*~tactically~*~*~ (stealth).
   575 | D:1      | 575 ||| READING 2 scrolls labelled PIDOLL XOSM.
   576 | D:1      | 576 ||| DROPPING scroll of blinking.
   646 | D:2      | Reached XP level 3. HP: 15/21 MP: 7/7
   646 | D:2      | 646 ||| STAIRDANCE
   808 | D:2      | Noticed Sigmund
   818 | D:2      | HP: 3/21 [Sigmund/magic dart (4)]
   819 | D:2      | Killed from afar by Sigmund

Levels and vault maps discovered:
D:1:      wheals_arrival_linesprint, layout_rooms,
          shapermc_ecumenical_altar_mp_ritualfount, st_stairs_2
D:2:      layout_loops_corners, serial_shops, shop, uniq_sigmund

Skill      XL: |  1 |
---------------+----+-----
Axes           | 3 |  3.9
Fighting       | |  2.0
Throwing       | |  1.0
Armour         | |  1.1
Dodging        | |  2.1
Spellcasting   | |  2.0
Translocations | |  2.4

Action                   || total
-------------------------++-------
Melee: Hand axe          ||    35
       Peck              ||     5
       Kick              ||     7
       Punch             ||     1
Throw: Boomerang         ||     7
       Javelin           ||    11
  Use: Scroll            ||     1
Armor: Leather armour    ||    10
Dodge: Dodged            ||    18

Table legend:
 A = Non-vault XP
 B = Vault XP
 C = Vault XP percentage of total XP
 D = Non-vault monster count
 E = Vault monster count
 F = Vault count percentage of total count
                 A         B        C        D         E       F
            +---------+---------+-------+---------+---------+-------
      Total |      39 |       4 |   9.3 |      19 |       2 |   9.5
            +---------+---------+-------+---------+---------+-------
        D:1 |      21 |       4 |  16.0 |      15 |       2 |  11.8
        D:2 |      18 |       0 |   0.0 |       4 |       0 |   0.0
            +---------+---------+-------+---------+---------+-------
